Map: Blackrock LE

Players

더키

  • Race: Protoss Protoss
  • League: Diamond

스승구해요 - Winner!

  • Race: Terran Terran
  • League: Master

VOD

Have the link to the VOD?

Description

Time

  • Played on: Sept. 24, 2026, 9:06 p.m.
  • Length: 8:09
Show
View Real Time Build Order
Export as new Build Order

더키 Protoss 

Build Orders: 1 Gate Expand, Blink Stalkers 

Get SALT Encoding   

  12  0:00  Probe  
  13  0:12  Probe  
  14  0:18  Pylon  
  14  0:24  Probe  
  15  0:36  Probe (Chrono Boost)  
  16  0:43  Gateway  
  16  0:46  Probe (Chrono Boost)  
  16  0:47  Assimilator  
  17  0:51  Probe (Chrono Boost)  
  18  1:03  Probe  
  19  1:15  Probe  
  20  1:27  Probe  
  21  1:32  Cybernetics Core  
  21  1:40  Nexus  
  21  1:50  Pylon  
  22  1:56  Assimilator  
  22  2:01  Zealot (Chrono Boost)  
  23  2:09  Warp Gate  
  23  2:12  Probe  
  24  2:19  Stalker (Chrono Boost)  
  24  2:20  Shield Battery  
  26  2:27  Probe  
  26  2:39  Probe  
  26  2:42  Stalker (Chrono Boost)  
  29  2:50  Twilight Council  
  29  2:55  Probe  
  30  3:01  Probe  
  31  3:06  Stalker  
  31  3:08  Probe  
  34  3:13  Probe  
  34  3:18  Gateway  
  34  3:19  Blink (Chrono Boost)  
  35  3:20  Probe  
  36  3:31  Probe  
  37  3:46  Probe x2  
  39  3:50  Gateway  
  39  3:54  Robotics Facility  
  39  3:58  Probe x2  
  41  4:10  Probe x2  
  41  4:13  Stalker x2  
  45  4:22  Probe x2  
  45  4:49  Nexus, Pylon  
  45  4:50  Probe  
  46  4:57  Charge (Chrono Boost)  
  46  5:01  Pylon  
  46  5:07  Observer, Probe x2  
  49  5:20  Probe x2  
  50  5:24  Stalker x3  
  54  5:32  Probe x2  
  54  5:33  Observer  
  56  5:44  Probe x2  
  57  5:52  Assimilator  
  57  5:56  Pylon, Probe x2  
  59  6:06  Gateway, Probe (Chrono Boost)  
  59  6:08  Probe (Chrono Boost)  
  59  6:10  Pylon  
  62  6:14  Probe (Chrono Boost)  
  62  6:16  Shield Battery  
  62  6:17  Probe (Chrono Boost)  
  63  6:21  Probe (Chrono Boost)  
  63  6:23  Probe x2  
  64  6:26  Zealot x3  
  70  6:34  Robotics Bay  
  70  6:36  Probe x3  
  73  6:48  Probe x2  
  73  6:50  Probe  
  76  6:56  Stalker x3  
  76  7:00  Probe  
  81  7:18  Gateway  
  81  7:20  Gateway  
  81  7:23  Gateway  
  81  7:25  Gateway  
  81  7:26  Zealot x4  
  84  7:49  Zealot  
  84  7:50  Zealot x2  
  76  7:54  Probe x2  
Show
View Real Time Build Order
Export as new Build Order

스승구해요 Terran - Winner!

Build Orders: Reaper Expand 

Get SALT Encoding   

  12  0:00  SCV  
  13  0:12  SCV  
  14  0:17  Supply Depot  
  14  0:24  SCV  
  15  0:38  SCV  
  15  0:39  Barracks  
  16  0:43  Refinery  
  16  0:50  SCV  
  17  1:03  SCV  
  18  1:15  SCV  
  19  1:25  Reaper  
  19  1:27  Orbital Command  
  20  1:43  Command Center  
  20  1:53  SCV  
  21  1:58  Marine  
  21  2:00  Supply Depot  
  22  2:05  SCV  
  23  2:21  Barracks Reactor  
  23  2:22  SCV  
  24  2:23  Factory  
  24  2:29  Bunker  
  24  2:31  Refinery  
  24  2:34  SCV  
  25  2:46  SCV  
  26  2:56  Orbital Command  
  26  2:58  SCV  
  26  2:59  Marine x2  
  29  3:08  Starport, Hellion  
  29  3:10  SCV  
  31  3:22  Marine x2  
  31  3:23  SCV  
  31  3:24  SCV  
  35  3:30  Factory Tech Lab  
  35  3:34  Supply Depot  
  35  3:35  SCV  
  35  3:36  SCV  
  35  3:39  Marine  
  38  3:41  Marine  
  38  3:47  SCV  
  38  3:48  SCV  
  41  3:50  Barracks  
  41  3:55  Raven, Factory Tech Lab  
  43  3:57  Marine  
  43  3:59  SCV, Marine  
  43  4:00  Supply Depot  
  46  4:04  SCV  
  47  4:11  SCV  
  47  4:16  SCV  
  49  4:19  Marine x2  
  49  4:20  Siege Tank  
  49  4:23  SCV  
  55  4:24  Engineering Bay  
  55  4:25  Refinery  
  55  4:28  Supply Depot  
  55  4:29  SCV  
  56  4:36  SCV  
  56  4:37  Marine x2  
  59  4:41  Starport Reactor  
  59  4:45  Barracks  
  59  4:47  SCV  
  59  4:48  Marine  
  59  4:49  SCV, Stimpack  
  59  4:51  Bunker  
  60  4:53  Siege Tank  
  60  4:55  Marine  
  60  4:57  Supply Depot  
  64  5:00  SCV  
  64  5:03  Marine  
  64  5:04  Refinery  
  66  5:07  SCV  
  66  5:10  Marine, Supply Depot  
  66  5:12  SCV, Marine  
  70  5:22  Marine  
  70  5:23  Supply Depot, SCV  
  70  5:26  Terran Infantry Weapons Level 1  
  70  5:28  Marine  
  73  5:30  Marine  
  73  5:34  Supply Depot  
  75  5:40  Marine  
  75  5:47  Command Center, Marauder, Combat Shield  
  75  5:48  Factory Reactor  
  75  5:49  Marine  
  79  5:55  SCV  
  79  5:59  Marine  
  79  6:00  Medivac x2  
  86  6:07  Marine  
  86  6:09  Supply Depot x2  
  86  6:10  SCV x2  
  87  6:14  Marauder x2  
  91  6:21  Marine  
  91  6:25  Marine  
  92  6:30  Medivac x2  
  92  6:32  Supply Depot  
  97  6:35  Marine, Marauder  
  100  6:44  SCV  
  101  6:47  Marine x2  
  101  6:48  Widow Mine x2  
  101  6:53  SCV, Marauder  
  110  6:56  Marine, SCV  
  110  6:57  Barracks x2  
  110  6:59  Medivac  
  114  7:05  Marine  
  115  7:13  Marine  
  115  7:14  Marauder x2  
  117  7:23  Marine  
  116  7:31  Marine  
  116  7:34  SCV  
  116  7:36  Marauder, SCV  
  116  7:46  SCV  
  116  7:47  Marauder  
  116  7:48  SCV  
  116  7:50  Marine  
  116  7:51  Marine  
  104  8:01  Barracks Reactor, Barracks Tech Lab  
  104  8:04  Starport  
Tags
 
Add a new tag
Caveats
  • Supply blocks, unpowered buildings, or Contaminate may cause inaccurate times.
  • Supply counts are checked every 10 seconds.